 Dungeon Crawl Stone Soup version 0.16-a0-3841-g2612308 (webtiles) character file.

155 Psiweapon the Chucker (level 5, -3/54 HPs)
             Began as an Ogre Hunter on Jan 30, 2015.
             Slain by Grinder (4 damage)
             ... on level 3 of the Dungeon.
             The game lasted 00:06:33 (2377 turns).

Psiweapon the Chucker (Ogre Hunter)                 Turns: 2377, Time: 00:06:33

Health: -3/54      AC:  4    Str: 17    XL:     5   Next: 37%
Magic:  5/5        EV: 10    Int: 10    God:
Gold:   103        SH:  0    Dex: 11    Spells: 0 memorised, 4 levels left

rFire  . . .     SeeInvis .     r - +0 mace
rCold  . . .     Clarity  .     d - +0 animal skin
rNeg   . . .     SustAb   .     (shield restricted)
rPois  .         Gourm    .     (helmet restricted)
rElec  .         Spirit   .     w - +0 cloak
rCorr  .         Warding  .     (gloves unavailable)
rMut   .         Stasis   .     (boots unavailable)
MR     .....                    (no amulet)
Stlth  +.........               (no ring)
                                h - ring of invisibility

@: very slightly contaminated, invisible, not resistant to hostile enchantments,
very unstealthy
A: unfitting armour, tough skin 1
a: no special abilities


You were on level 3 of the Dungeon.
You were not hungry.

You visited 1 branch of the dungeon, and saw 3 of its levels.

You collected 103 gold pieces.

Inventory:

Hand weapons
 a - a +0 short sword
 e - a +0 club
 j - a +2 spear of freezing
 k - a +0 whip
 r - a +0 mace (weapon)
 u - a +0 hand axe
Missiles
 c - 2 throwing nets (quivered)
Armour
 d - a +0 animal skin (worn)
 w - a +0 cloak (worn)
Jewellery
 h - a ring of invisibility (left hand)
Magical devices
 t - a wand of invisibility (2)
Scrolls
 g - 3 scrolls of identify {unknown}
 i - a scroll of teleportation {unknown}
 n - 3 scrolls of magic mapping {unknown}
 v - a scroll of remove curse {unknown}
Potions
 m - a potion of brilliance {unknown}
 o - a potion of curing
 p - a potion of restore abilities
 q - a potion of haste {unknown}
Comestibles
 f - 4 meat rations
 l - 2 chunks of flesh
 s - a beef jerky


   Skills:
 + Level 4.0 Fighting
 + Level 1.8 Maces & Flails
 + Level 5.6 Throwing
 + Level 2.9 Dodging
 + Level 0.7 Stealth


You had 4 spell levels left.
You didn't know any spells.

Dungeon Overview and Level Annotations

Branches:
Dungeon (3/15)

Altars:

Annotations:
D:3 Grinder


Innate Abilities, Weirdness & Mutations

You are too large for most types of armour.
You have tough skin (AC +1).


Message History

You struggle to resist.
Throwing (i - inventory. (,) - cycle):
b - a large rock (quivered)
Press: ? - help, Shift-Dir - straight line, f/p - Grinder
Aim: Grinder (moderately wounded)
You throw a large rock. The large rock hits Grinder!!
Grinder is almost dead.
Grinder gestures at you. Pain shoots through your body!
You barely miss Grinder.
Grinder is almost dead.
Grinder hits you.
* * * LOW HITPOINT WARNING * * *
You writhe in agony.
* * * LOW HITPOINT WARNING * * *
You hit Grinder.
Grinder is almost dead.
Grinder hits you!
* * * LOW HITPOINT WARNING * * *
You writhe in agony.
You die...

###..#..#.# #.......
............. ###.......
♣...........# ...#.......
.............# #.#.......
..............# #........)
..............#####........
.........gg...##.........>.
..........♣5♣.....##........
#........♣@♣...## #.#.#####
##.......♣.♣#..# #...#
####.###.#♣.♣##.####..###
..........♣.♣...........#
.###.###..♣.♣...........#
#................#
##...#♣.♣.♣.....#...#
#...................#
.....###.♣.♣.♣...........


You could see Grinder and 2 goblins.

Vanquished Creatures
  Sigmund (D:3)
  A gnoll (D:1)
  2 adders
  2 worms (D:2)
  A giant gecko (D:1)
  An orc (D:3)
  7 bats
  7 goblins
  6 hobgoblins (D:1)
  3 jackals (D:3)
  5 kobolds
  A giant cockroach (D:1)
  3 giant newts (D:1)
  5 rats
45 creatures vanquished.

Notes
Turn   | Place    | Note
--------------------------------------------------------------
     0 | D:1      | Psiweapon, the Ogre Hunter, began the quest for the Orb.
     0 | D:1      | Reached XP level 1. HP: 22/22 MP: 1/1
   157 | D:1      | Reached XP level 2. HP: 17/29 MP: 2/2
   402 | D:1      | Reached skill level 5 in Throwing
   902 | D:1      | Reached XP level 3. HP: 37/37 MP: 3/3
  1325 | D:2      | Reached XP level 4. HP: 45/45 MP: 4/4
  2133 | D:3      | Noticed Sigmund
  2136 | D:3      | Killed Sigmund
  2136 | D:3      | Reached skill level 1 in Maces & Flails
  2136 | D:3      | Reached XP level 5. HP: 49/54 MP: 5/5
  2360 | D:3      | Noticed Grinder
  2377 | D:3      | HP: 1/54 [Grinder (7)]
  2377 | D:3      | Slain by Grinder

Action                   |  1- 3 |  4- 6 || total
-------------------------+-------+-------++-------
Melee: Short sword       |    67 |       ||    67
       Whip              |    13 |       ||    13
       Club              |     7 |       ||     7
       Mace              |     5 |    62 ||    67
Throw: Large rock        |    10 |    14 ||    24
       Throwing net      |       |     1 ||     1
Evoke: Wand              |       |     1 ||     1
  Use: Potion            |       |     3 ||     3
  Eat: Chunk             |     1 |     4 ||     5
